 Dungeon Crawl Stone Soup version 0.27-a0-1529-g1e82c303ef (webtiles) character file.

Game seed: 6218247569538679763

1568 Morbidden the Slasher (level 8, -2/68 (70) HPs)
             Began as a Minotaur Fighter on July 12, 2021.
             Was an Initiate of Cheibriados.
             Slain by an ogre (26 damage)
             ... on level 6 of the Dungeon.
             The game lasted 00:07:06 (6371 turns).

Morbidden the Slasher (Minotaur Fighter)            Turns: 6371, Time: 00:07:06

HP:   -2/68 (70)    AC: 11    Str: 21    XL:     8   Next: 59%
MP:   8/8           EV:  7    Int:  8    God:    Cheibriados [......]
Gold: 585           SH: 10    Dex: 12    Spells: 8/8 levels left

rFire    . . .     SeeInvis .   a - +0 long sword (freeze)
rCold    . . .     Faith    .   c - +0 kite shield
rNeg     . . .     Spirit   .   n - +0 chain mail
rPois    .         Reflect  .   (helmet restricted)
rElec    .         Harm     .   (no cloak)
rCorr    .         Rampage  .   (no gloves)
Will     .....                  j - +0 pair of boots
Stlth    ..........             (no amulet)
HPRegen  0.21/turn              (no ring)
MPRegen  0.11/turn              (no ring)

@: lightly drained, very slow
A: horns 2, retaliatory headbutt
a: Renounce Religion, Bend Time


You were on level 6 of the Dungeon.
You worshipped Cheibriados.
Cheibriados was noncommittal.
You visited 2 branches of the dungeon, and saw 7 of its levels.
You also visited: Ossuary.

You collected 585 gold pieces.

Inventory:

Hand Weapons
 a - a +0 long sword of freezing (weapon)
 b - a +0 short sword of venom
Armour
 c - a +0 kite shield (worn)
 j - a +0 pair of boots (worn)
 n - a +0 chain mail (worn)
Jewellery
 s - a ring of fire
Wands
 r - a wand of mindburst (3)
Scrolls
 f - 3 scrolls of teleportation
 g - 8 scrolls of identify
 l - 3 scrolls of amnesia {unknown}
 p - a scroll of fog
 u - a scroll of enchant armour {unknown}
 v - a scroll of immolation {unknown}
Potions
 d - a potion of might
 e - 6 potions of curing {unknown}
 h - a potion of degeneration {unknown}
 i - 4 potions of flight {unknown}
 k - a potion of haste {unknown}
 m - 2 potions of invisibility {unknown}
 o - 2 potions of heal wounds {unknown}
 q - 2 potions of mutation {unknown}
 t - 2 potions of lignification {unknown}


   Skills:
 * Level 6.1 Fighting
 + Level 4.0(5.7) Short Blades
 * Level 6.8(7.4) Long Blades
 + Level 6.7 Armour
 + Level 2.5 Dodging
 + Level 0.4 Stealth
 + Level 6.5 Shields
 * Level 0.7 Spellcasting
 * Level 1.1 Invocations
 + Level 0.2 Evocations


You had 8 spell levels left.
You didn't know any spells.
Your spell library contained the following spells:

 Spells                   Type           Power      Damage    Failure   Level
 Summon Ice Beast         Ice/Summ       0%         N/A       100%        4
 Summon Mana Viper        Hex/Summ       0%         N/A       100%        5
 Monstrous Menagerie      Summ           0%         N/A       100%        7
 Borgnjor's Revivificati  Necr           0%         N/A       100%        8
 Necromutation            Tmut/Necr      0%         N/A       100%        8
 Death's Door             Necr           0%         N/A       100%        9


Dungeon Overview and Level Annotations

Branches:
Dungeon (6/15)             Temple (1/1) D:6         Ossuary (visited)

Altars:
Ashenzari
Cheibriados
Dithmenos
Elyvilon
Fedhas
Gozag
Hepliaklqana
Kikubaaqudgha
Nemelex Xobeh
Okawaru
Qazlal
Ru
Sif Muna
Uskayaw
Vehumet
Wu Jian
Yredelemnul
Zin
The Shining One

Shops:
D:3 :


Innate Abilities, Weirdness & Mutations

You have a pair of horns on your head.
You reflexively headbutt those who attack you in melee.


Message History

The necrophage is moderately damaged.
The necrophage barely misses you.
You closely miss the necrophage.
The necrophage is moderately damaged.
You block the necrophage's attack. The ogre hits you with a +0 giant club!
You slash the necrophage! You freeze the necrophage.
The necrophage is severely damaged.
The necrophage hits you.
You feel drained. You block the ogre's attack. The necrophage hits you.
Unknown command.
Unknown command.
Your +0 long sword of freezing stops glowing.
Your +0 short sword of venom begins to drip with poison!
b - a +0 short sword of venom (weapon)
Unknown command.
You hit the ogre.
The ogre is poisoned.
You headbutt the ogre!
The ogre is heavily wounded.
The ogre hits you with a +0 giant club.
The necrophage hits you but does no damage.
You barely miss the ogre.
The ogre is heavily wounded.
The necrophage hits you but does no damage.
The ogre hits you with a +0 giant club!!
Your shield and chain mail prevent you from hitting the ogre.
The ogre is heavily wounded.
The necrophage hits you.
You feel drained. The ogre completely misses you.
Unknown command.
Unknown command.
You hit the ogre but do no damage.
The ogre looks as sick as possible!
The ogre is severely wounded.
The necrophage barely misses you.
Unknown command.
Unknown command.
Unknown command.
Unknown command.
Your +0 short sword of venom stops dripping with poison.
Your +0 long sword of freezing glows with a cold blue light!
a - a +0 long sword of freezing (weapon)
The ogre hits you with a +0 giant club!!
You die...

#.................#.######
#######.#.........#.#
#.#.........#.#
#.............#
##..#.######### #.>#.#
##.#.# #####.#.###
#.....@...# #....n.O..#
#.........# #.......[...
#.............
#.............
#####+#....... ......[


You could see an ogre (extremely poisoned) and a necrophage.

Vanquished Creatures
  A shadow (D:5)
  A wraith (D:5)
  2 sky beasts (D:6)
  3 necrophages
  2 ogres
  A scorpion (D:5)
  A howler monkey (D:4)
  A hound (D:6)
  An orc priest (D:3)
  2 bullfrog skeletons (D:4)
  An iguana (D:6)
  A killer bee zombie (D:6)
  9 mummies
  A howler monkey zombie (D:4)
  7 gnolls
  10 adders
  A white imp (D:5)
  2 adder skeletons
  A worm (D:5)
  A dart slug (D:2)
  8 orcs
  9 bats
  5 endoplasms
  3 giant cockroaches
  9 goblins
  8 hobgoblins
  12 jackals
  3 kobolds
  6 quokkas
  7 ball pythons
  3 gnoll zombies (Ossuary)
  2 hobgoblin zombies (Ossuary)
  2 kobold zombies (D:5)
  3 orc zombies (Ossuary)
  3 rats
132 creatures vanquished.

Notes
Turn   | Place    | Note
-------+----------+-------------------------------------------
     0 | D:1      | Morbidden the Minotaur Fighter began the quest for the Orb.
     0 | D:1      | Reached XP level 1. HP: 19/19 MP: 0/0
    19 | D:1      | Reached XP level 2. HP: 23/27 MP: 1/1
   784 | D:1      | Reached XP level 3. HP: 32/33 MP: 2/2
  1320 | D:2      | Noticed a necrophage
  1334 | D:2      | Killed a necrophage
  1335 | D:2      | Reached skill level 1 in Dodging
  1335 | D:2      | Reached XP level 4. HP: 22/41 MP: 3/3
  1640 | D:2      | Reached XP level 5. HP: 47/47 MP: 4/4
  1644 | D:2      | Reached skill level 1 in Short Blades
  2673 | D:3      | Found Lilel's Book Shoppe.
  3191 | D:4      | Noticed a necrophage
  3202 | D:4      | Killed a necrophage
  3203 | D:4      | Reached skill level 5 in Armour
  3203 | D:4      | Reached XP level 6. HP: 44/55 MP: 5/5
  3314 | D:3      | Reached skill level 5 in Shields
  3460 | D:4      | Found an ancient bone altar of Kikubaaqudgha.
  3474 | D:4      | Reached skill level 5 in Fighting
  3474 | D:4      | Reached XP level 7. HP: 35/61 MP: 6/6
  3975 | D:5      | Entered Level 5 of the Dungeon
  3978 | D:5      | Noticed a wraith
  3996 | D:5      | Killed a wraith
  3997 | D:5      | Reached skill level 5 in Long Blades
  4078 | D:5      | Found a sand-covered staircase.
  4101 | Ossuary  | Entered an ossuary
  4604 | Ossuary  | Reached XP level 8. HP: 61/70 MP: 7/7
  5500 | D:6      | Found a staircase to the Ecumenical Temple.
  5516 | Temple   | Entered the Ecumenical Temple
  5765 | Temple   | Became a worshipper of Cheibriados the Contemplative
  5934 | D:5      | Reached skill level 1 in Invocations
  6371 | D:6      | Slain by an ogre

Illustrated notes

Levels and vault maps discovered:
D:1:      beargit_arrival_greenhouse, layout_basic, serial_co_window_serial,
          co_window_paths_a, co_window_corner_a, co_window_paths_a,
          co_window_corner_a, co_window_paths_a, co_window_of_opportunity_a,
          co_window_paths_a, co_window_of_opportunity_a, co_window_corner_a,
          co_window_cross_3, glass_columns_b, glass_columns_c, glass_columns_c,
          glass_columns_c
D:2:      layout_basic
D:3:      layout_basic, serial_shops, shop_fountains, serial_bayou_pond_e
D:4:      layout_rooms, nicolae_kikubaaqudgha_miasma_corner
D:5:      layout_rooms, nicolae_ossuary_entry_giza
D:6:      cheibrodos_two_vegetables, layout_basic, minmay_temple_entry_overgrown
Temple:   dpeg_five_rooms_temple

Skill      XL: |  1  2  3  4  5  6  7  8 |
---------------+-------------------------+-----
Shields        | 4 5 6 |  6.5
Long Blades    | 3 4 5 6 |  6.8
Armour         | 4 5 6 |  6.7
Fighting       | 4 5 6 |  6.1
Dodging        | 1 2 |  2.5
Short Blades   | 2 3 4 |  4.0
Invocations    | 1 |  1.1
Stealth        | |  0.4
Spellcasting   | |  0.7
Evocations     | |  0.2

Action                   |  1- 3 |  4- 6 |  7- 9 || total
-------------------------+-------+-------+-------++-------
Melee: Long sword        |    23 |       |   113 ||   136
       Short sword       |    46 |   161 |    74 ||   281
       Headbutt          |     7 |    30 |    37 ||    74
Evoke: Wand              |       |       |     6 ||     6
  Use: Scroll            |       |       |     3 ||     3
Armor: Scale mail        |    30 |    26 |       ||    56
       Chain mail        |       |    66 |    66 ||   132
Dodge: Dodged            |    27 |    51 |    39 ||   117
Block: Kite shield       |    41 |   102 |    94 ||   237
       Rpst.: Long sword |     2 |       |     5 ||     7

Table legend: (Time is in decaauts)
 A = Elapsed time spent in this place.
 B = Non-inter-level travel time spent in this place.
 C = Inter-level travel time spent in this place.
 D = Time resting spent in this place.
 E = Time spent auto-exploring this place.
 F = Levels seen in this place.
 G = Mean time per level.
                   A        B        C        D        E       F      G
               +--------+--------+--------+--------+--------+-----+--------+
         Total |   6552 |   6238 |    314 |   1393 |   3852 |   8 |  819.0 |
       Dungeon |   5559 |   5360 |    199 |   1045 |   3457 |   6 |  926.5 |
        Temple |    312 |    197 |    115 |      0 |    189 |   1 |  312.0 |
       Ossuary |    680 |    680 |      0 |    348 |    206 |   1 |  680.0 |
               +--------+--------+--------+--------+--------+-----+--------+

Top non-repeatable levels by time:
     D:1: 1337 daAuts
     D:3: 1059 daAuts
     D:5: 1045 daAuts
     D:2: 996 daAuts
 Ossuary: 680 daAuts
     D:4: 638 daAuts
     D:6: 482 daAuts
  Temple: 312 daAuts
